 Dungeon Crawl Stone Soup version 0.26-a0-752-gcff87cac9a (webtiles) character file.

Game seed: 6674890020131560096

67195 2tc the Spear-Bearer (level 14, -3/94 HPs)
             Began as a Demonspawn Necromancer on Nov 6, 2020.
             Was the Champion of Kikubaaqudgha.
             Slain by a two-headed ogre
             ... wielding a +0 giant club
              (25 damage)
             ... on level 14 of the Dungeon.
             The game lasted 02:14:53 (24424 turns).

2tc the Spear-Bearer (Demonspawn Necromancer)      Turns: 24424, Time: 02:14:53

Health: -3/94      AC: 20    Str: 13    XL:     14   Next: 82%
Magic:  7/19       EV: 15    Int: 18    God:    Kikubaaqudgha [******]
Gold:   1520       SH:  5    Dex: 13    Spells: 2/20 levels left

rFire    + . .     SeeInvis .   d - +3 trident (pain)
rCold    + + .     Faith    .   K - +0 buckler
rNeg     . . .     Spirit   .   R - +2 ring mail {rF+}
rPois    +         Reflect  .   h - +2 hat
rElec    .         Harm     .   l - +2 cloak
rCorr    .         Rampage  .   e - +0 pair of gloves
MR       ++...                  i - +0 pair of boots
Stlth    +.........             v - amulet of Babuma {rC++ Regen+}
HPRegen  0.65/turn              M - ring of wizardry
MPRegen  0.16/turn              Q - ring of protection from magic

@: no status effects
A: horns 2, slimy green scales 3, foul stench 1, spiny 2, rot immunity
a: Receive Corpses, Torment, Brand Weapon With Pain, Receive Necronomicon,
Renounce Religion


You were on level 14 of the Dungeon.
You worshipped Kikubaaqudgha.
Kikubaaqudgha was exalted by your worship.
You visited 3 branches of the dungeon, and saw 20 of its levels.
You visited the Abyss 1 time.
You also visited: Volcano.

You collected 1520 gold pieces.

Inventory:

Hand Weapons
 d - a +3 trident of pain (weapon)
 B - a +0 spear of flaming
Armour
 e - a +0 pair of gloves (worn)
 h - a +2 hat (worn)
 i - a +0 pair of boots (worn)
 l - a +2 cloak (worn)
 K - a +0 buckler (worn)
 R - a +2 ring mail of fire resistance (worn)
Jewellery
 m - an uncursed ring of protection from fire
 n - an uncursed ring of flight
 o - an uncursed ring of see invisible
 t - an uncursed ring of protection from fire
 v - the amulet of Babuma (around neck) {rC++ Regen+}
   (You acquired it on level 7 of the Dungeon)

   [amulet of regeneration]

   It greatly protects you from cold.
   It increases your rate of regeneration.
 C - an uncursed ring of ice
 E - an uncursed ring of magical power
 H - an uncursed amulet of reflection
 M - a ring of wizardry (left hand)
 P - an uncursed amulet of magic regeneration
 Q - a ring of protection from magic (right hand)
Wands
 j - a wand of paralysis (9)
 r - a wand of digging (11)
 u - a wand of polymorph (28)
 F - a wand of enslavement (2)
 J - a wand of flame (14)
 U - a wand of acid (9)
 V - a wand of iceblast (11)
Scrolls
 a - a scroll of enchant armour
 f - 9 scrolls of remove curse
 w - a scroll of fog
 A - 2 scrolls of amnesia
 G - a scroll of holy word
 N - a scroll of vulnerability
 S - 2 scrolls of brand weapon
 W - 3 scrolls of fear
 X - 3 scrolls of identify
 Z - 2 scrolls of summoning
Potions
 c - 4 potions of curing
 g - 3 potions of brilliance
 k - 2 potions of haste
 p - 7 potions of lignification
 q - 3 potions of invisibility
 s - a potion of ambrosia
 x - 3 potions of berserk rage
 z - 3 potions of resistance
 D - 3 potions of magic
 I - 3 potions of flight
 L - 3 potions of attraction
Miscellaneous
 O - a tin of tremorstones (2/2)
 Y - a phial of floods


   Skills:
 + Level 3.7 Fighting
   Level 9.2 Short Blades
 - Level 14.0 Polearms
 - Level 8.0 Armour
 - Level 8.0 Dodging
 - Level 1.7 Stealth
 - Level 4.0 Shields
 + Level 3.6 Spellcasting
 - Level 3.0 Conjurations
 - Level 14.0 Necromancy
 - Level 3.0 Earth Magic


You had 2 spell levels left.
You knew the following spells:

 Your Spells              Type           Power        Failure   Level
a - Pain                  Necr           ####         1%          1
b - Vampiric Draining     Necr           ######....   1%          3
c - Agony                 Necr           ######..     1%          5
d - Corpse Rot            Necr/Air       N/A          1%          2
e - Dispel Undead         Necr           ######..     1%          4
f - Stone Arrow           Conj/Erth      ##....       11%         3

Your spell library contained the following spells:

 Spells                   Type           Power        Failure   Level
 Animate Skeleton         Necr           ######       1%          1
 Sublimation of Blood     Necr           ######....   1%          2
 Sandblast                Erth           ##....       3%          1
 Passwall                 Tmut/Erth      #.......     10%         2
 Corona                   Hex            #......      12%         1
 Summon Small Mammal      Summ           #...         12%         1
 Call Imp                 Summ           #.......     17%         2
 Ensorcelled Hibernation  Hex/Ice        #.....       17%         2
 Poisonous Vapours        Pois/Air       #.....       17%         2
 Slow                     Hex            #.......     17%         2
 Animate Dead             Necr           ######....   1%          4
 Excruciating Wounds      Necr           ######....   1%          5
 Borgnjor's Vile Clutch   Necr/Erth      ####......   10%         5
 Conjure Flame            Conj/Fire      #.......     19%         3
 Dazzling Flash           Conj/Hex       #.....       19%         3
 Mephitic Cloud           Conj/Pois/Air  #.......     24%         3
 Call Canine Familiar     Summ           #.......     32%         3
 Confusing Touch          Hex            #.......     32%         3
 Gell's Gravitas          Tloc           #.........   32%         3
 Inner Flame              Hex/Fire       #.......     32%         3
 Portal Projectile        Hex/Tloc       #.....       32%         3
 Summon Guardian Golem    Hex/Summ       #.......     32%         3
 Tukima's Dance           Hex            #.......     32%         3
 Leda's Liquefaction      Hex/Erth       #.........   50%         4
 Petrify                  Tmut/Erth      #.......     50%         4
 Lee's Rapid Deconstruct  Erth           ##........   65%         5
 Simulacrum               Ice/Necr       ####......   67%         6
 Cause Fear               Hex            #.........   71%         4
 Summon Ice Beast         Ice/Summ       #.......     71%         4
 Summon Lightning Spire   Summ/Air       #.......     71%         4
 Metabolic Englaciation   Hex/Ice        #.........   96%         5
 Silence                  Hex/Air        #.........   96%         5
 Yara's Violent Unravell  Hex/Tmut       #.........   96%         5
 Freezing Cloud           Conj/Ice/Air   #.........   100%        6
 Discord                  Hex            #.........   100%        8


Dungeon Overview and Level Annotations

Branches:
Dungeon (14/15)            Temple (1/1) D:4            Lair (5/6) D:8
  Swamp (0/4) Lair:2       Spider (0/4) Lair:2        Slime (0/5) Lair:5
    Orc (0/2) D:9          Vaults (0/5) D:13        Volcano (visited)

Altars:
Ashenzari
Cheibriados
Dithmenos
Elyvilon
Fedhas
Gozag
Hepliaklqana
Kikubaaqudgha
Makhleb
Nemelex Xobeh
Okawaru
Qazlal
Ru
Sif Muna
Trog
Uskayaw
Vehumet
Wu Jian
Xom
Yredelemnul
Zin
The Shining One
Jiyva

Shops:
D:5 *   D:6 }   D:7 =   D:11 (

Annotations:
D:10 exclusion: oklob plant
D:11 Josephine
D:13 3 runed translucent doors, UristMcRaven's ghost, journeyman GnMo
Lair:2 exclusion: oklob plant


Innate Abilities, Weirdness & Mutations

You have a pair of horns on your head.
You are completely covered in slimy green scales. (AC +4, rPois)
You may emit foul miasma when damaged in melee.
You are mostly covered in sharp spines.
You are immune to rotting.


Message History

The two-headed ogre is lightly wounded.
You feel life coursing into your body.
The two-headed ogre is struck by your spines.
The two-headed ogre hits you but does no damage.
The two-headed ogre barely misses you. The two-headed ogre misses you.
The two-headed ogre closely misses you.
The ogre is engulfed in dark miasma.
The ogre is poisoned.
Casting: Vampiric Draining (safe; 1% risk of failure)
Confirm with . or Enter, or press ? or * to list all spells.
Aiming: Vampiric Draining (safe; 1% risk of failure)
Press: ? - help, Shift-Dir - straight line, f/p - two-headed ogre
Aim: a two-headed ogre, wielding two +0 giant clubs (lightly wounded, fast, sick)
The two-headed ogre is heavily wounded.
You feel life coursing into your body!
The two-headed ogre hits you with a +0 giant club!!
* * * LOW HITPOINT WARNING * * *
You block the two-headed ogre's attack.
The two-headed ogre hits you with a +0 giant club!!
You die...
Kikubaaqudgha rasps: "You have failed me!
Welcome... death!"

** *,* ****,***,*,*,*
,****,****,,,,* *,*,*,* *******
,,,,,,,,,,,****
*,*,*,***,,,,,** ,,,,,,,,****
#+#+#+#,,,,,,,,** ,****,*,****
*.....#,,,.,,<,,* ,* *,*,,,,**
*.....#,...,,,,,* ** *,****,,*
*,....*....,,,,,* * **,* **,*
###...*#....,,,,,* **,,* *,*
#@##.##.....,,,,,*
*,,******.####OO#)#......,,,,,*
*,,,,,,......OOO.........,,,,**
*
*,,,,,*###..####†....##..,,,**
* *,***,***##.####...###*******
* *,* *,,,###....#O### ***,*
***,.O...O....#** ,,*,**
**,...O#####...#***** *,,,,*
*,,#**,,** *##....,,**


You could see 3 two-headed ogres and 3 ogres.

Vanquished Creatures
  Snorg (D:12)
  9 hydras
  2 vault guards (D:13)
  A catoblepas (Lair:3)
  7 two-headed ogres
  2 ogre magi
  A death yak (Lair:5)
  A hell knight (Volcano)
  Sonja (D:12)
  A spatial maelstrom (Abyss:2)
  A sixfirhy (Abyss:2)
  An unseen horror (D:13)
  A bog body (Lair:2)
  4 wizards (D:13)
  A lindwurm (Lair:3)
  A necromancer (D:13)
  A cyclops (D:12)
  3 ugly things
  An orb spider (Lair:2)
  A manticore (D:12)
  A large abomination (Abyss:2)
  24 elephants
  3 black mambas
  2 molten gargoyles (Volcano)
  5 cane toads
  2 torpor snails
  Maggie (D:8)
  5 rime drakes
  9 komodo dragons
  A redback zombie (D:12)
  A kobold demonologist (D:12)
  2 trolls
  An ancient zyme (Abyss:2)
  A polar bear (Lair:4)
  2 hornets
  18 blink frogs
  A raiju (Abyss:2)
  Prince Ribbit (D:6)
  31 yaks
  4 wyverns
  4 wraiths (D:11)
  10 fire bats
  5 basilisks
  Grum (D:11)
  18 humans (D:13)
  3 vampire mosquitoes (D:14)
  11 water moccasins
  4 swamp worms (Lair:2)
  2 small abominations (Abyss:2)
  A soldier ant (D:13)
  Duvessa (D:6)
  7 ice beasts
  A hornet zombie (D:8)
  5 orc warriors
  A sky beast (D:5)
  7 black bears
  An eye of draining (D:10)
  A necrophage (D:12)
  4 phantoms
  20 wolves
  9 ogres
  15 centaurs
  2 big kobolds (D:9)
  12 bullfrogs
  Dowan (D:6)
  A wyvern skeleton (D:8)
  4 scorpions
  3 killer bees (D:12)
  7 wights
  An electric eel (Lair:2)
  6 lava snakes (Volcano)
  A quasit (Abyss:2)
  2 bullfrog zombies
  5 jellies
  2 centaur skeletons
  A gnoll shaman (D:9)
  5 orc priests
  Crazy Yiuf (D:3)
  7 bullfrog skeletons
  4 hounds
  15 orc wizards
  Jessica (D:3)
  4 iguanas
  Terence (D:3)
  8 worker ants
  A killer bee zombie (D:7)
  A mummy (D:6)
  A worker ant zombie (D:5)
  A howler monkey zombie (D:7)
  11 adders
  9 gnolls
  A howler monkey skeleton (D:6)
  3 white imps
  An ufetubus (D:8)
  An adder skeleton (D:4)
  3 worms
  7 leopard geckos
  43 orcs
  7 bats
  4 giant cockroaches
  6 hobgoblins
  6 jackals
  22 kobolds
  5 quokkas
  2 ball pythons
  A frilled lizard (D:3)
  7 goblins
  A jackal zombie (D:8)
  A leopard gecko skeleton (D:4)
  2 leopard gecko zombies
  7 rats
535 creatures vanquished.

Vanquished Creatures (others)
  25 fungi
  31 plants
  4 starspawn tentacles (Abyss:2)
60 creatures vanquished.

Grand Total: 595 creatures vanquished

Notes
Turn   | Place    | Note
-------+----------+-------------------------------------------
     0 | D:1      | 2tc the Demonspawn Necromancer began the quest for the Orb.
     0 | D:1      | Reached XP level 1. HP: 13/13 MP: 3/3
   449 | D:1      | Gained mutation: You are partially covered in sharp spines.
                  | [demonic ancestry]
   449 | D:1      | Reached XP level 2. HP: 18/19 MP: 1/5
   534 | D:1      | Reached skill level 5 in Necromancy
  1456 | D:2      | Gained mutation: You are mostly covered in sharp spines.
                  | [demonic ancestry]
  1456 | D:2      | Reached XP level 3. HP: 22/24 MP: 2/6
  1534 | D:2      | Found a burning altar of Makhleb.
  1534 | D:2      | Found a bloodstained altar of Trog.
  1846 | D:2      | Learned a level 3 spell: Vampiric Draining
  2387 | D:3      | Found a stormy altar of Qazlal.
  2491 | D:3      | Reached XP level 4. HP: 23/30 MP: 4/7
  2888 | D:3      | Noticed Terence
  2909 | D:3      | Killed Terence
  3301 | D:3      | Reached XP level 5. HP: 9/35 MP: 1/8
  3545 | D:3      | Learned a level 5 spell: Agony
  4424 | D:3      | Noticed Jessica
  4427 | D:3      | Killed Jessica
  4469 | D:3      | Found a runed translucent door.
  4470 | D:3      | Noticed Crazy Yiuf
  4526 | D:3      | Killed Crazy Yiuf
  4584 | D:4      | Noticed an ogre
  4730 | D:4      | Gained mutation: You have a pair of small horns on your
                  | head. [demonic ancestry]
  4730 | D:4      | Reached XP level 6. HP: 41/41 MP: 6/9
  4771 | D:4      | Found a staircase to the Ecumenical Temple.
  4799 | D:5      | Entered Level 5 of the Dungeon
  4898 | Temple   | Entered the Ecumenical Temple
  5161 | Temple   | Became a worshipper of Kikubaaqudgha
  5606 | D:4      | Gained mutation: You are immune to rotting. [demonic
                  | ancestry]
  5606 | D:4      | Reached XP level 7. HP: 45/46 MP: 8/10
  5766 | D:4      | Found a hazy altar of Hepliaklqana.
  5775 | D:4      | Reached skill level 1 in Armour
  5893 | D:4      | Found a bloodstained altar of Trog.
  6408 | D:4      | Found a glowing silver altar of Zin.
  6633 | D:5      | Found Taonas's Assorted Antiques.
  6700 | D:5      | Reached skill level 10 in Necromancy
  7064 | D:5      | Found a glowing golden altar of the Shining One.
  7077 | D:5      | Gained mutation: You may emit foul miasma when damaged in
                  | melee. [demonic ancestry]
  7077 | D:5      | Reached XP level 8. HP: 50/52 MP: 7/11
  7459 | D:6      | Noticed Duvessa
  7459 | D:6      | Noticed Dowan
  7537 | D:6      | Reached * piety under Kikubaaqudgha
  7537 | D:6      | Identified Kikubaaqudgha's Grimoire of Evil Rituals
                  | (Kikubaaqudgha gifted it to you on level 6 of the Dungeon)
  7537 | D:6      | Received a gift from Kikubaaqudgha
  7548 | D:6      | Learned a level 2 spell: Corpse Rot
  7748 | D:6      | Noticed Prince Ribbit
  7751 | D:6      | Killed Duvessa
  7760 | D:6      | Killed Dowan
  8008 | D:6      | Killed Prince Ribbit
  8201 | D:6      | Found a snail-covered altar of Cheibriados.
  8288 | D:6      | Found Zebuem's Gadget Shoppe.
  8408 | D:6      | Reached skill level 1 in Short Blades
  8703 | D:7      | Found Buforoenku's Jewellery Emporium.
  8815 | D:7      | Noticed a hornet
  8823 | D:7      | Killed a hornet
  8823 | D:7      | Reached XP level 9. HP: 44/57 MP: 6/12
  8868 | D:7      | Identified a scroll of acquirement
  8868 | D:7      | Acquired the amulet of Babuma {rC++ Regen+}
  9803 | D:8      | Reached skill level 5 in Short Blades
  9856 | D:8      | Found a staircase to the Lair.
  9932 | D:8      | Reached ** piety under Kikubaaqudgha
 10337 | D:8      | Noticed Maggie
 10351 | D:8      | Killed Maggie
 10779 | D:8      | Gained mutation: You are partially covered in slimy green
                  | scales. (AC +2) [demonic ancestry]
 10779 | D:8      | Reached XP level 10. HP: 52/63 MP: 13/13
 10872 | D:8      | Found a basalt altar of Yredelemnul.
 10874 | D:8      | Found a hide-covered altar of Uskayaw.
 11352 | D:9      | Reached *** piety under Kikubaaqudgha
 11352 | D:9      | Identified Kikubaaqudgha's Incunabulum of Dark Arts
                  | (Kikubaaqudgha gifted it to you on level 9 of the Dungeon)
 11352 | D:9      | Received a gift from Kikubaaqudgha
 11510 | D:9      | Reached skill level 1 in Polearms
 11533 | D:9      | Found a staircase to the Orcish Mines.
 11902 | D:10     | Entered Level 10 of the Dungeon
 11953 | D:10     | Learned a level 4 spell: Dispel Undead
 12368 | D:10     | Found a snail-covered altar of Cheibriados.
 12369 | D:10     | Noticed an oklob plant
 12481 | D:10     | Noticed a two-headed ogre
 12482 | D:10     | Noticed a two-headed ogre
 12496 | D:10     | Killed a two-headed ogre
 12496 | D:10     | Reached skill level 5 in Polearms
 12498 | D:10     | Killed a two-headed ogre
 12784 | D:11     | Noticed Grum
 12813 | D:11     | Killed Grum
 12815 | D:11     | Gained mutation: You have a pair of horns on your head.
                  | [demonic ancestry]
 12815 | D:11     | Reached XP level 11. HP: 68/68 MP: 15/15
 13065 | D:11     | Noticed Josephine
 13247 | Lair:1   | Entered Level 1 of the Lair of Beasts
 13326 | Lair:1   | Reached **** piety under Kikubaaqudgha
 13402 | Lair:1   | Noticed a six-headed hydra
 13409 | Lair:1   | Killed a six-headed hydra
 13448 | Lair:1   | Noticed a five-headed hydra
 13458 | Lair:1   | Killed a five-headed hydra
 14077 | Lair:1   | Reached skill level 10 in Polearms
 14760 | Lair:2   | Noticed a six-headed hydra
 15351 | Lair:2   | Noticed a bog body
 15364 | Lair:2   | Killed a bog body
 15364 | Lair:2   | Reached skill level 1 in Shields
 15444 | Lair:2   | Found a staircase to the Swamp.
 15665 | Lair:2   | Noticed a four-headed hydra
 15672 | Lair:2   | Killed a four-headed hydra
 15672 | Lair:2   | Gained mutation: You are mostly covered in slimy green
                  | scales. (AC +3) [demonic ancestry]
 15672 | Lair:2   | Reached XP level 12. HP: 69/74 MP: 16/16
 16029 | Lair:2   | Found a hole to the Spider Nest.
 16087 | Lair:2   | Noticed an eight-headed hydra
 16093 | Lair:2   | Killed an eight-headed hydra
 16357 | Lair:2   | Killed a six-headed hydra
 16484 | Lair:2   | Reached ***** piety under Kikubaaqudgha
 16592 | Lair:3   | Noticed a catoblepas
 16606 | Lair:3   | Killed a catoblepas
 17203 | Lair:3   | Noticed an eight-headed hydra
 17513 | Lair:3   | Gained mutation: You are completely covered in slimy green
                  | scales. (AC +4, rPois) [demonic ancestry]
 17513 | Lair:3   | Reached XP level 13. HP: 79/79 MP: 17/17
 17650 | Lair:3   | Reached skill level 1 in Fighting
 18165 | Lair:4   | Found a dark tunnel.
 18175 | Volcano  | Entered a volcano
 18344 | Volcano  | Found a bloodstained altar of Trog.
 18354 | Volcano  | Reached skill level 5 in Armour
 18601 | Volcano  | Found the +7 mace of Variability {chain chaos}
 19441 | Lair:4   | Reached ****** piety under Kikubaaqudgha
 19444 | Lair:4   | Reached skill level 5 in Dodging
 20211 | Lair:4   | Learned a level 3 spell: Stone Arrow
 20491 | Lair:5   | Reached XP level 14. HP: 79/93 MP: 18/18
 21059 | Lair:5   | Found a staircase to the Slime Pits.
 21059 | Lair:5   | Found a viscous altar of Jiyva.
 21314 | D:11     | Found Kobraaz's Antique Weapon Shop.
 21951 | D:12     | Noticed Snorg
 21964 | D:12     | Killed Snorg
 21964 | D:12     | Reached skill level 1 in Earth Magic
 22027 | D:12     | Noticed Sonja
 22277 | D:12     | Killed Sonja
 23044 | D:13     | Got a faintly glowing long sword
 23045 | D:13     | Identified the +6 long sword of Disarray {flame, +Blink}
                  | (You found it on level 13 of the Dungeon)
 23436 | D:13     | Reached skill level 1 in Conjurations
 23445 | D:13     | Found a runed translucent gate.
 23446 | D:13     | Found a runed translucent gate.
 23446 | D:13     | Found a runed translucent gate.
 23447 | D:13     | Noticed UristMcRaven's ghost (journeyman GnMo)
 23647 | D:13     | Cast into level 2 of the Abyss (a wizard)
 23647 | Abyss:2  | Found a corrupted altar of Lugonu.
 23758 | Abyss:2  | Found a corrupted altar of Lugonu.
 23925 | Abyss:2  | Found a corrupted altar of Lugonu.
 23982 | Abyss:2  | Noticed a tentacled starspawn
 24032 | Abyss:2  | Noticed a purple very ugly thing
 24047 | D:13     | Escaped the Abyss
 24173 | D:13     | Found a gate to the Vaults.
 24424 | D:14     | Slain by a two-headed ogre

Illustrated notes

Levels and vault maps discovered:
D:1:      psy_arrival_conway, layout_basic
D:2:      layout_basic, gammafunk_temple_overflow_pools, minmay_pentomino_v4
D:3:      layout_loops_corners, nicolae_qazlal_eye_of_the_storm,
          uniq_crazy_yiuf_cottage, uniq_terence, uniq_jessica
D:4:      layout_rooms, lemuel_round_altar, lemuel_coloured_pillars_altar,
          minmay_temple_entry_statues_fountains, trog_hazing_becter
D:5:      layout_basic, serial_shops, shop_statue, basic_altar
D:6:      layout_loops_ring, slow_altar_1, serial_shops, shop_statue,
          bh_walls_and_bars, uniq_prince_ribbit1, uniq_duvessa
D:7:      layout_loops_corners, serial_shops, nicolae_shop_window_shopping,
          grunt_ministairs_4
D:8:      layout_basic, minitemple, dpeg_oklobed_lair, uniq_maggie
D:9:      layout_rooms, orc_0_dummy
D:10:     layout_basic, kennysheep_path_1, lemuel_oklob_altar
D:11:     layout_irregular_city, serial_shops, shop, eino_tiny_chamber,
          kennysheep_generic_room_14, uniq_josephine, uniq_grum
D:12:     layout_irregular_city, palyth_stone_intersect, uniq_snorg, uniq_sonja
D:13:     layout_roguey, grunt_vaults_entry_tiered, gammafunk_ghost_necromancy
D:14:     layout_rooms, serial_shops, nicolae_shop_behind_doors,
          infiniplex_staircase_trident, portal_ice_cave_rime
Temple:   minmay_temple_curvy_branch
Lair:1:   layout_regular_city, hangedman_lair_unloving_vines,
          wad_woods_river_01, serial_bayou_shore_b
Lair:2:   layout_regular_city, nicolae_swamp_entry_splash_gauntlet,
          nicolae_spider_entry_orb_guardian, grunt_megastairs_3,
          minmay_lair_oklob_chamber
Lair:3:   layout_hall_layers
Lair:4:   layout_layer_cave, nicolae_volcano_entry_batcave, serial_bayou_pond_e
Lair:5:   layout_long_grid, slime_altar_1, kennysheep_basilisk_garden

Skill      XL: |  1  2  3  4  5  6  7  8  9 10 11 12 13 14 |
---------------+-------------------------------------------+-----
Necromancy     | 5 6 7 9 10 12 14 | 14.0
Armour         | 2 8 |  8.0
Dodging        | 2 3 6 8 |  8.0
Short Blades   | 3 8 9 |  9.2
Polearms       | 6 11 13 14 | 14.0
Spellcasting   | 3 |  3.6
Shields        | 2 4 |  4.0
Fighting       | 3 |  3.7
Earth Magic    | 3 |  3.0
Conjurations   | 3 |  3.0
Stealth        | |  1.7

Action                   |  1- 3 |  4- 6 |  7- 9 | 10-12 | 13-15 || total
-------------------------+-------+-------+-------+-------+-------++-------
Melee: Dagger            |    20 |     9 |       |       |       ||    29
       Short sword       |       |    64 |   290 |   250 |       ||   604
       Headbutt          |       |     4 |    45 |   103 |   122 ||   274
       Quarterstaff      |       |       |    10 |       |       ||    10
       Trident           |       |       |       |   314 |   695 ||  1009
 Cast: Pain              |    52 |    64 |    84 |   136 |   119 ||   455
       Vampiric Draining |       |     2 |    17 |    43 |    28 ||    90
       Agony             |       |       |     2 |     2 |    16 ||    20
       Dispel Undead     |       |       |       |     3 |     3 ||     6
       Corpse Rot        |       |       |       |     4 |     6 ||    10
Evoke: Wand              |       |       |       |    21 |     7 ||    28
  Use: Scroll            |     3 |    10 |     8 |    13 |    19 ||    53
       Potion            |       |       |     2 |     6 |     9 ||    17
 Stab: Sleeping          |     2 |     2 |     5 |       |       ||     9
       Distracted        |       |       |       |     1 |       ||     1
Armor: Robe              |     3 |    33 |    58 |    65 |       ||   159
       Ring mail         |       |       |       |   105 |   244 ||   349
Dodge: Dodged            |    14 |    63 |   151 |   256 |   360 ||   844
Block: Buckler           |       |       |       |    26 |   118 ||   144

Table legend: (Time is in decaauts)
 A = Elapsed time spent in this place.
 B = Non-inter-level travel time spent in this place.
 C = Inter-level travel time spent in this place.
 D = Time resting spent in this place.
 E = Time spent auto-exploring this place.
 F = Levels seen in this place.
 G = Mean time per level.
                   A        B        C        D        E       F      G
               +--------+--------+--------+--------+--------+-----+--------+
         Total |  23981 |  23043 |    938 |   7091 |  11118 |  22 | 1090.0 |
       Dungeon |  15324 |  14716 |    608 |   4599 |   7321 |  14 | 1094.6 |
        Temple |    516 |    511 |      5 |    212 |    288 |   1 |  516.0 |
          Lair |   7289 |   6965 |    324 |   2013 |   3477 |   5 | 1457.8 |
         Abyss |    371 |    371 |      0 |     47 |      0 |   1 |  371.0 |
       Volcano |    479 |    479 |      0 |    220 |     31 |   1 |  479.0 |
               +--------+--------+--------+--------+--------+-----+--------+

Top non-repeatable levels by time:
     D:3: 2487 daAuts
  Lair:1: 1671 daAuts
  Lair:4: 1633 daAuts
  Lair:2: 1520 daAuts
  Lair:3: 1461 daAuts
     D:4: 1280 daAuts
     D:8: 1231 daAuts
     D:2: 1200 daAuts
     D:1: 1160 daAuts
     D:6: 1133 daAuts
     D:7: 1107 daAuts
    D:12: 1061 daAuts
    D:13: 1039 daAuts
  Lair:5: 1002 daAuts
     D:9: 936 daAuts
